Construct Section Command Post
Selects Canadian Shock Battlegroup
Selects Canadian Shock Section
Construct Platoon Command Post
Selects Incendiary Munitions
Construct Company Command Post
Selects Churchill Crocodile Heavy Tank
Unlock M3 Grant Medium Tanks
6-pounder Anti-tank Gun Team
Churchill Crocodile Heavy Tank
Unlock Bishop Self-propelled Artillery
Bishop Self-propelled Artillery
Bishop Self-propelled Artillery